 Dungeon Crawl Stone Soup version 0.26.0-20-g3ca415f5b8 (webtiles) character file.

Game seed: 1470417977948294159

338 kaeus the Skirmisher (level 6, -6/49 HPs)
             Began as a Demonspawn Fighter on Jan 25, 2021.
             Mangled by Pikel
             ... wielding a +1 whip of electrocution
              (16 damage)
             ... on level 4 of the Dungeon.
             The game lasted 00:02:28 (3054 turns).

kaeus the Skirmisher (Demonspawn Fighter)           Turns: 3054, Time: 00:02:28

Health: -6/49      AC: 10    Str: 18    XL:     6   Next: 29%
Magic:  6/6        EV:  7    Int:  9    God:
Gold:   180        SH: 10    Dex: 17    Spells: 5/5 levels left

rFire    + . .     SeeInvis .   a - +0 war axe
rCold    . . .     Faith    .   c - +0 kite shield
rNeg     . . .     Spirit   .   b - +0 scale mail
rPois    +         Reflect  .   t - +0 helmet of Sorcery {-Tele rPois Dex+4 Stlth-}
rElec    .         Harm     .   n - scarf {+Inv}
rCorr    .         Rampage  .   (no gloves)
Will     .....     NoTele   +   (no boots)
Stlth    ..........             (no amulet)
HPRegen  0.16/turn              (no ring)
MPRegen  0.10/turn              (no ring)

@: no status effects
A: hooves 1, yellow scales 1, demonic guardian 1, fire resistance 1
a: Evoke Invisibility


You were on level 4 of the Dungeon.
You visited 1 branch of the dungeon, and saw 4 of its levels.

You collected 180 gold pieces.

Inventory:

Hand Weapons
 a - a +0 war axe (weapon)
Armour
 b - a +0 scale mail (worn)
 c - a +0 kite shield (worn)
 n - a scarf of invisibility (worn)
 t - the +0 helmet of Sorcery (worn) {-Tele rPois Dex+4 Stlth-}
   (You took it off Robin on level 3 of the Dungeon)

   It affects your dexterity (+4).
   It protects you from poison.
   It prevents most forms of teleportation.
   It makes you less stealthy.
Scrolls
 e - a scroll of blinking {unknown}
 f - 3 scrolls of identify {unknown}
 g - 5 scrolls of remove curse {unknown}
 h - a scroll of fog {unknown}
 j - 2 scrolls of fear {unknown}
 l - 2 scrolls of random uselessness {unknown}
 r - a scroll of teleportation {unknown}
Potions
 d - a potion of might
 i - a potion of berserk rage {unknown}
 k - 2 potions of brilliance {unknown}
 m - 3 potions of magic {unknown}
 o - 2 potions of degeneration {unknown}
 p - a potion of flight {unknown}
 q - a potion of resistance {unknown}
 s - a potion of curing {unknown}


   Skills:
 + Level 4.4 Fighting
 + Level 3.3 Axes
 + Level 3.9 Armour
 + Level 4.0 Shields


You had 5 spell levels left.
You didn't know any spells.
Your spell library was empty.

Dungeon Overview and Level Annotations

Branches:
Dungeon (4/15)
 Temple: D:4-7

Altars:

Annotations:
D:4 Pikel


Innate Abilities, Weirdness & Mutations

You have large cloven feet.
You are partially covered in yellow scales. (AC +2)
A weak demonic guardian rushes to your aid.
Your flesh is heat resistant. (rF+)


Message History

You are electrocuted!
* * * LOW HITPOINT WARNING * * *
Pikel hits you but does no damage.
There are monsters nearby!
You are too injured to fight recklessly!
There are monsters nearby!
You are too injured to fight recklessly!
There are monsters nearby!
You take 13 damage, and have 13/49 hp.
MASSIVE DAMAGE!!
You are too injured to fight recklessly!
There are monsters nearby!
You are too injured to fight recklessly!
There are monsters nearby!
You closely miss Pikel. You kick Pikel.
Pikel is severely wounded.
Your ufetubus disappears in a puff of smoke!
Pikel hits you with a +1 whip of electrocution.
* * * LOW HITPOINT WARNING * * *
You are electrocuted!
You die...

########
#....ยง5#
#.####5# #.#
#@#
##########.#
#K#
##..........#
#5#
...##########
#5# #### #5#
#### #.. ...#
### ###...###
#.......#


You could see Pikel, 3 lemures, a friendly quasit (summoned) and a friendly
white imp (summoned).

Vanquished Creatures
  Grinder (D:3)
  Terence (D:3)
  Robin (D:3)
  A gnoll (D:1)
  10 adders
  An adder skeleton (D:4)
  2 worms
  2 dart slugs
  A leopard gecko (D:1)
  5 orcs
  3 giant cockroaches
  15 goblins
  2 hobgoblins (D:3)
  2 jackals (D:3)
  A ball python (D:2)
  4 bats
  3 frilled lizards
  5 kobolds
  4 rats
64 creatures vanquished.

Notes
Turn   | Place    | Note
-------+----------+-------------------------------------------
     0 | D:1      | kaeus the Demonspawn Fighter began the quest for the Orb.
     0 | D:1      | Reached XP level 1. HP: 18/18 MP: 1/1
   290 | D:1      | Gained mutation: You have large cloven feet. [demonic
                  | ancestry]
   290 | D:1      | Reached XP level 2. HP: 24/24 MP: 2/2
   622 | D:1      | Gained mutation: A weak demonic guardian rushes to your
                  | aid. [demonic ancestry]
   622 | D:1      | Reached XP level 3. HP: 29/29 MP: 3/3
  1567 | D:2      | Reached XP level 4. HP: 22/36 MP: 4/4
  2115 | D:3      | Noticed Grinder
  2128 | D:3      | Paralysed by Grinder for 3 turns
  2150 | D:3      | Killed Grinder
  2151 | D:3      | Gained mutation: Your flesh is heat resistant. (rF+)
                  | [demonic ancestry]
  2151 | D:3      | Reached XP level 5. HP: 21/42 MP: 5/5
  2436 | D:3      | Identified the +0 helmet of Sorcery {-Tele rPois Dex+4
                  | Stlth-}
  2436 | D:3      | Noticed Robin
  2450 | D:3      | Killed Robin
  2451 | D:3      | Gained mutation: You are partially covered in yellow
                  | scales. (AC +2) [demonic ancestry]
  2451 | D:3      | Reached XP level 6. HP: 38/48 MP: 6/6
  2754 | D:3      | Noticed Terence
  2764 | D:3      | Killed Terence
  3041 | D:4      | Noticed Pikel
  3054 | D:4      | Mangled by Pikel

Illustrated notes

Levels and vault maps discovered:
D:1:      nicolae_arrival_somewhat_less_tricky_arrival, layout_loops_ring
D:2:      layout_basic
D:3:      layout_rooms, uniq_grinder, uniq_robin, uniq_terence
D:4:      layout_loops_ring, temple_pool_b, uniq_blork_the_orc, uniq_pikel

Skill      XL: |  1  2  3  4  5  6 |
---------------+-------------------+-----
Axes           | 2 3 |  3.3
Shields        | 3 4 |  4.0
Armour         | 3 |  3.9
Fighting       | 4 |  4.4

Action                   |  1- 3 |  4- 6 || total
-------------------------+-------+-------++-------
Melee: War axe           |    98 |   119 ||   217
       Kick              |    16 |    32 ||    48
Armor: Scale mail        |    65 |    64 ||   129
Dodge: Dodged            |    24 |    32 ||    56
Block: Kite shield       |    59 |    57 ||   116
